 Dungeon Crawl Stone Soup version 0.28.0-45-g0d030f2227 (webtiles) character file.

Game seed: 326561574247642076

660 GigaChad the Slasher (level 7, 0/59 HPs)
             Began as a Minotaur Gladiator on Apr 12, 2022.
             Was a Follower of Okawaru.
             Slain by a gnoll
             ... wielding a +0 club
              (3 damage)
             ... on level 5 of the Dungeon.
             The game lasted 00:09:54 (4632 turns).

GigaChad the Slasher (Minotaur Gladiator)           Turns: 4632, Time: 00:09:55

Health: 0/59       AC:  3    Str: 18    XL:     7   Next: 30%
Magic:  6/6        EV: 13    Int:  5    God:    Okawaru [*.....]
Gold:   69         SH:  0    Dex: 14    Spells: 6/6 levels left

rFire   . . .      SeeInvis .   a - +0 long sword
rCold   . . .      Faith    .   (no shield)
rNeg    . . .      Spirit   .   b - +0 leather armour
rPois   .          Reflect  .   c - +0 hat
rElec   .          Harm     .   (no cloak)
rCorr   .          Rampage  .   (no gloves)
Will    .....                   (no boots)
Stlth   +.........              (no amulet)
HPRegen 0.19/turn               (no ring)
MPRegen 0.10/turn               (no ring)

@: no status effects
A: horns 2, retaliatory headbutt
a: Renounce Religion, Heroism


You were on level 5 of the Dungeon.
You worshipped Okawaru.
Okawaru was aware of your devotion.
You visited 2 branches of the dungeon, and saw 6 of its levels.

You collected 69 gold pieces.

Inventory:

Hand Weapons
 a - a +0 long sword (weapon)
 o - a +0 hand axe
 q - a +0 vorpal hand axe
Missiles
 d - 3 throwing nets (quivered)
 e - 10 bolts
 p - 28 arrows
 r - 10 poisoned darts
Armour
 b - a +0 leather armour (worn)
 c - a +0 hat (worn)
Wands
 h - a wand of paralysis (6)
 l - a wand of digging (6)
Scrolls
 i - 2 scrolls of noise
 j - a scroll of fear {unknown}
 s - a scroll of brand weapon {unknown}
 t - 2 scrolls of magic mapping {unknown}
Potions
 f - a potion of might {unknown}
 g - 2 potions of curing {unknown}
 k - a potion of flight {unknown}
 n - a potion of haste {unknown}


   Skills:
 + Level 4.3 Fighting
 + Level 6.8 Long Blades
 + Level 2.1 Throwing
 + Level 4.6 Armour
 + Level 4.9 Dodging
 + Level 1.1 Stealth


You had 6 spell levels left.
You didn't know any spells.
Your spell library contained the following spells:

 Spells                   Type           Power      Damage    Failure   Level
 Blink                    Tloc           0%         N/A       67%         2
 Lesser Beckoning         Tloc           0%         N/A       88%         3
 Ozocubu's Armour         Ice            0%         N/A       88%         3
 Manifold Assault         Tloc           0%         N/A       100%        5
 Metabolic Englaciation   Hex/Ice        0%         N/A       100%        5
 Simulacrum               Ice/Necr       Unusable   N/A       N/A         6

Dungeon Overview and Level Annotations

Branches:
Dungeon (5/15)             Temple (1/1) D:4

Altars:
Ashenzari
Cheibriados
Dithmenos
Fedhas
Gozag
Hepliaklqana
Kikubaaqudgha
Nemelex Xobeh
Okawaru
Qazlal
Sif Muna
Uskayaw
Vehumet
Wu Jian
Yredelemnul
The Shining One


Innate Abilities, Weirdness & Mutations

You have a pair of horns on your head.
You reflexively headbutt those who attack you in melee.


Message History

A gnoll comes into view. It is wielding a +0 club.
The gnoll barely misses you. The gnoll misses you.
The gnoll hits you with a +0 spear!
You slash the gnoll!
You kill the gnoll!
Okawaru accepts your kill. The gnoll barely misses you.
You furiously retaliate!
You headbutt the gnoll, but do no damage.
The gnoll misses you. You furiously retaliate!
You headbutt the gnoll! You slash the gnoll!
The gnoll is severely wounded.
The gnoll hits you with a +0 flail! The gnoll hits you with a +0 club.
The gnoll hits you but does no damage.
You hit the gnoll but do no damage. Your headbutt misses the gnoll.
The gnoll is severely wounded.
The gnoll closely misses you. x2; The gnoll hits you with a +0 club.
You slash the gnoll!
You kill the gnoll!
Okawaru accepts your kill. The gnoll barely misses you. x2
The gnoll closely misses you.
Items here: )) ††.
The gnoll hits you with a +0 flail! The gnoll closely misses you.
The gnoll hits you with a +0 club.
You hit the gnoll.
The gnoll is heavily wounded.
The gnoll hits you with a +0 flail.
* * * LOW HITPOINT WARNING * * *
The gnoll hits you with a +0 club.
* * * LOW HITPOINT WARNING * * *
You closely miss the gnoll. Your headbutt misses the gnoll.
The gnoll is heavily wounded.
The gnoll barely misses you. The gnoll hits you with a +0 club.
* * * LOW HITPOINT WARNING * * *
The gnoll hits you with a +0 flail!
* * * LOW HITPOINT WARNING * * *
You slash the gnoll!
The gnoll is almost dead.
The gnoll hits you with a +0 club.
You die...

#..##.....## ###
#......#...###.+
##....####...##.#
......#####.....#######
........# #####.......#
#####..>## ###...###
##...# ###....# #..##
##.gg...## ####..#
#..@.....# #....<#
#...####..# ####..#
#.## ..# #### #. ..# #
.#


You could see 2 gnolls.

Vanquished Creatures
  A centaur zombie (D:5)
  Blork the orc (D:4)
  A bullfrog zombie (D:4)
  2 jellies (D:4)
  An orc priest (D:4)
  Ijyb (D:4)
  2 gnolls (D:5)
  2 adders (D:4)
  An adder skeleton (D:4)
  4 worms
  A dart slug (D:3)
  6 orcs
  4 ball pythons
  5 endoplasms
  2 giant cockroaches (D:1)
  5 goblins
  8 hobgoblins
  6 jackals (D:1)
  3 quokkas
  4 bats (D:1)
  2 frilled lizards (D:1)
  7 kobolds
  A rat (D:3)
70 creatures vanquished.

Notes
Turn   | Place    | Note
-------+----------+-------------------------------------------
     0 | D:1      | GigaChad the Minotaur Gladiator began the quest for the
                  | Orb.
     0 | D:1      | Reached XP level 1. HP: 18/18 MP: 0/0
    71 | D:1      | Found a faded altar of an unknown god.
    81 | D:1      | Prayed at the altar of an unknown god.
    81 | D:1      | Became a worshipper of Ashenzari the Shackled
   482 | D:1      | Reached XP level 2. HP: 21/25 MP: 1/1
   523 | D:1      | Reached skill level 4 in Long Blades
   762 | D:1      | Reached XP level 3. HP: 11/30 MP: 2/2
  1749 | D:2      | You fall into a shaft and drop 1 floor!
  1755 | D:3      | Reached skill level 1 in Armour
  2099 | D:3      | Found a hide-covered altar of Uskayaw.
  2331 | D:3      | Reached XP level 4. HP: 38/38 MP: 3/3
  2534 | D:4      | Noticed Ijyb
  2547 | D:4      | Killed Ijyb
  2723 | D:4      | Reached skill level 5 in Long Blades
  2723 | D:4      | Found a staircase to the Ecumenical Temple.
  2750 | Temple   | Entered the Ecumenical Temple
  3041 | Temple   | Fell from the grace of Ashenzari
  3041 | Temple   | Became a worshipper of Warmaster Okawaru
  3149 | D:4      | Reached XP level 5. HP: 28/45 MP: 4/4
  3260 | D:4      | Noticed Blork the orc
  3269 | D:4      | Killed Blork the orc
  3578 | D:4      | Reached XP level 6. HP: 15/51 MP: 5/5
  3926 | D:4      | Was forgiven by Ashenzari
  3926 | D:4      | Reached skill level 1 in Stealth
  3984 | D:5      | Entered Level 5 of the Dungeon
  4165 | D:5      | Reached * piety under Okawaru
  4166 | D:5      | Reached skill level 6 in Long Blades
  4166 | D:5      | Reached XP level 7. HP: 5/59 MP: 6/6
  4631 | D:5      | HP: 2/59 [gnoll/+0 flail (8)]
  4632 | D:5      | Slain by a gnoll

Illustrated notes

Levels and vault maps discovered:
D:1:      dpeg_arrival_rooms_a, layout_basic,
          hellmonk_ecumenical_altar_dog_temple, eino_curves_01
D:2:      layout_loops_ring
D:3:      layout_basic, old_standard_altar, ebering_ghost_sewer_d
D:4:      layout_basic, minitemple, minmay_temple_entry_trees,
          uniq_blork_the_orc, uniq_crazy_yiuf_cottage, uniq_ijyb
D:5:      layout_layer_cave, supply_closet_lemuel, dk_noncrumbling_2,
          minivault_1, nicolae_shop_overcharged_wands
Temple:   regret_index_temple_waves

Skill      XL: |  1  2  3  4  5  6 |
---------------+-------------------+-----
Long Blades    | 4 5 6 |  6.8
Fighting       | 3 4 |  4.3
Armour         | 1 2 3 4 |  4.6
Dodging        | 4 |  4.9
Stealth        | 1 |  1.1
Throwing       | |  2.1

Action                   |  1- 3 |  4- 6 |  7- 9 || total
-------------------------+-------+-------+-------++-------
Melee: Long sword        |   100 |    68 |     8 ||   176
       Headbutt          |    15 |    15 |     1 ||    31
       Punch             |     2 |     3 |       ||     5
  Use: Scroll            |     3 |     2 |       ||     5
 Stab: Sleeping          |       |     1 |       ||     1
Armor: Leather armour    |    28 |    12 |     1 ||    41
Dodge: Dodged            |    87 |    55 |    11 ||   153
